 Dungeon Crawl Stone Soup version 0.19.0-2-gae57169 (webtiles) character file.

459 Jorund the Chopper (level 6, 0/76 HPs)
             Began as a Minotaur Fighter on Nov 4, 2016.
             Succumbed to a worker ant's poison
             ... on level 3 of the Dungeon.
             The game lasted 00:05:11 (3035 turns).

Jorund the Chopper (Minotaur Fighter)               Turns: 3035, Time: 00:05:11

Health: 0/76       AC:  7    Str: 28    XL:     6   Next: 78%
Magic:  5/5        EV: 10    Int:  5    God:
Gold:   147        SH:  0    Dex:  9    Spells: 0 memorised, 5 levels left

rFire  . . .     SeeInvis .     a - +0 war axe
rCold  . . .     Gourm    .     b - +0 scale mail
rNeg   . . .     Faith    .     (no shield)
rPois  .         Spirit   .     (helmet restricted)
rElec  .         Reflect  .     (no cloak)
rCorr  .         Harm     .     (no gloves)
MR     .....                    (no boots)
Stlth  ..........               (no amulet)
                                (no ring)
                                (no ring)

@: mighty, berserking, lethally poisoned (0 -> -9), very quick
A: retaliatory headbutt, horns 2
a: no special abilities


You were on level 3 of the Dungeon.
You were very hungry.

You visited 1 branch of the dungeon, and saw 4 of its levels.

You collected 147 gold pieces.

Inventory:

Hand Weapons
 a - a +0 war axe (weapon)
Armour
 b - a +0 scale mail (worn)
 c - a +0 shield
Scrolls
 e - 2 scrolls of teleportation
 k - a scroll of amnesia
 l - a scroll of fear
 p - a scroll of blinking
Potions
 d - a potion of might
 g - a potion of cure mutation
 m - a potion of ambrosia {unknown}
 o - a potion of brilliance {unknown}
Comestibles
 f - 6 bread rations
 h - a meat ration


   Skills:
 - Level 3.6 Fighting
 + Level 7.1 Axes
 + Level 6.4 Armour
 - Level 3.6 Shields


You had 5 spell levels left.
You didn't know any spells.

Dungeon Overview and Level Annotations

Branches:
Dungeon (4/15)
 Temple: D:4-7

Altars:
Dithmenos
Gozag
Nemelex Xobeh
Ru
Trog
Vehumet

Annotations:
D:4 Sigmund


Innate Abilities, Weirdness & Mutations

You reflexively headbutt those who attack you in melee.
You have a pair of horns on your head.


Message History

Sigmund gestures wildly while chanting.
Sigmund flickers and vanishes!
Deactivating autopickup; reactivate with Ctrl-A.
* * * LOW HITPOINT WARNING * * *
You feel sick.
You climb upwards.
* * * LOW HITPOINT WARNING * * *
You feel sick.
There is a stone staircase leading down here.
It was a potion of cure mutation.
It has a very clean taste.
* * * LOW HITPOINT WARNING * * *
You feel sick.
It was a potion of berserk rage.
A red film seems to cover your vision as you go berserk!
You feel yourself moving faster!
You feel mighty!
* * * LOW HITPOINT WARNING * * *
You feel sick.
You are too berserk!
You feel a strong urge to attack something.
You die...

.#...##.######.........#.......##
.#...##.# ##...8.(.##........(
........# ###.....##......).##
.#...##.######.###(###........##
.............)....(..)........#
P....##.#.................#.#.#
♣P......#.####....#'#.#..##.#.#
♣...............>....##..##.#.###
P.#..##.#'#####.@....##..........
P....##..............##..##......
....###..............##.....#..##
.##.###....[(....)...##..##..♣.♣#
.....................'.....♣.....
.##.###..............##..##......
.##.# #........##'#####.##♣..♣.♣.
.##.# #........##.# #.# #......
.##.# #........##.# #.# ♣..♣.♣.


There were no monsters in sight!

Vanquished Creatures
  An ogre (D:4)
  An orc priest (D:3)
  Jessica (D:2)
  Terence (D:2)
  2 orc wizards (D:3)
  A worker ant (D:4)
  4 gnolls (D:3)
  10 adders
  5 worms
  2 dart slugs (D:1)
  A leopard gecko (D:3)
  7 orcs (D:3)
  8 bats
  2 giant cockroaches
  6 hobgoblins
  7 jackals
  2 ball pythons
  5 frilled lizards
  6 goblins
  12 kobolds
  8 rats
92 creatures vanquished.

Notes
Turn   | Place    | Note
-------+----------+-------------------------------------------
     0 | D:1      | Jorund the Minotaur Fighter began the quest for the Orb.
     0 | D:1      | Reached XP level 1. HP: 19/19 MP: 0/0
   124 | D:1      | Reached XP level 2. HP: 16/26 MP: 1/1
   508 | D:1      | Reached skill level 3 in Axes
   609 | D:1      | Reached XP level 3. HP: 31/31 MP: 2/2
   745 | D:2      | Found a bloodstained altar of Trog.
   985 | D:2      | Reached skill level 4 in Axes
  1074 | D:2      | Reached XP level 4. HP: 20/39 MP: 3/3
  1225 | D:2      | Noticed Jessica
  1231 | D:2      | Killed Jessica
  1231 | D:2      | Reached skill level 5 in Armour
  1267 | D:2      | Noticed Terence
  1279 | D:2      | Killed Terence
  1279 | D:2      | Reached skill level 5 in Axes
  1311 | D:2      | Noticed Sigmund
  1368 | D:2      | Reached XP level 5. HP: 42/45 MP: 4/4
  1485 | D:2      | Found a sacrificial altar of Ru.
  1486 | D:2      | Found a radiant altar of Vehumet.
  1489 | D:2      | Found a shadowy altar of Dithmenos.
  1735 | D:3      | Reached skill level 6 in Axes
  1847 | D:3      | Reached XP level 6. HP: 24/51 MP: 5/5
  2744 | D:3      | Found a sparkling altar of Nemelex Xobeh.
  2744 | D:3      | Found an opulent altar of Gozag.
  3024 | D:4      | Reached skill level 7 in Axes
  3032 | D:3      | HP: 2/51 [poisoned by a worker ant]
  3035 | D:3      | Succumbed to a worker ant's poison

Skill      XL: |  1  2  3  4  5  6 |
---------------+-------------------+-----
Armour         | 4 5 6 |  6.4
Axes           | 3 4 5 6 7 |  7.1
Fighting       | |  3.6
Shields        | |  3.6

Action                   |  1- 3 |  4- 6 || total
-------------------------+-------+-------++-------
Melee: War axe           |    81 |   171 ||   252
       Headbutt          |    13 |    28 ||    41
  Use: Scroll            |       |     7 ||     7
       Potion            |       |     3 ||     3
  Eat: Chunk             |       |     6 ||     6
Armor: Scale mail        |    56 |    82 ||   138
Dodge: Dodged            |    54 |    84 ||   138
